 Dungeon Crawl Stone Soup version 0.28.0-53-g5a82cb258f (webtiles) character file.

Game seed: 5123763724404495516

151 VictoriousLee the Cudgeller (level 5, -9/41 HPs)
             Began as a Demonspawn Monk on May 23, 2022.
             Mangled by an orc warrior
             ... wielding a +2 long sword of electrocution
              (20 damage)
             ... on level 4 of the Dungeon.
             The game lasted 00:14:48 (3413 turns).

VictoriousLee the Cudgeller (Demonspawn Monk)       Turns: 3413, Time: 00:14:49

Health: -9/41      AC: 12    Str: 14    XL:     5   Next: 11%
Magic:  5/5        EV: 10    Int: 17    God:
Gold:   139        SH:  0    Dex: 17    Spells: 4/4 levels left

rFire   . . .      SeeInvis .   u - +2 whip (flame)
rCold   . . .      Faith    .   (no shield)
rNeg    . . .      Spirit   .   q - +0 scale mail
rPois   .          Reflect  .   (no helmet)
rElec   .          Harm     .   A - +0 cloak
rCorr   .          Rampage  .   (no gloves)
Will    +....                   d - +2 pair of boots
Stlth   +.........              o - amulet of regeneration
HPRegen 0.93/turn               w - ring of the Moon {Will+ Dex+2}
MPRegen 0.18/turn               t - +6 ring of intelligence

@: mighty
A: claws 1, thin metallic scales 1, magic regeneration
a: no special abilities


You were on level 4 of the Dungeon.
You visited 2 branches of the dungeon, and saw 5 of its levels.

You collected 139 gold pieces.

Inventory:

Hand Weapons
 a - a +0 mace
 m - a +0 whip
 u - a +2 whip of flaming (weapon)
Missiles
 g - 72 stones (quivered)
 r - 16 bolts
 x - 40 arrows
 y - 10 boomerangs
Armour
 b - a +0 robe
 d - a +2 pair of boots (worn)
 q - a +0 scale mail (worn)
 s - a +0 ring mail
 A - a +0 cloak (worn)
Jewellery
 h - a ring of wizardry
 k - a ring of wizardry
 o - an amulet of regeneration (around neck)
 t - a +6 ring of intelligence (right claw)
 w - the ring of the Moon (left claw) {Will+ Dex+2}
   (You found it on level 3 of the Dungeon)

   [ring of willpower]

   Dex:       It affects your dexterity (+2).
   Will:      It increases your willpower.
 z - a ring of positive energy
Wands
 p - a wand of digging (6)
Scrolls
 c - 2 scrolls of enchant weapon {unknown}
 e - 2 scrolls of holy word {unknown}
 l - 2 scrolls of identify
 n - a scroll of teleportation {unknown}
 v - 2 scrolls of immolation {unknown}
Potions
 f - a potion of curing
 j - a potion of mutation
 B - a potion of attraction {unknown}


   Skills:
 - Level 3.0 Fighting
 + Level 5.3 Maces & Flails
 - Level 2.6 Dodging
 - Level 1.7 Stealth


You had 4 spell levels left.
You didn't know any spells.
Your spell library contained the following spells:

 Spells                   Type           Power      Damage    Failure   Level
 Summon Small Mammal      Summ           0%         N/A       71%         1
 Call Canine Familiar     Summ           0%         N/A       97%         3
 Summon Guardian Golem    Hex/Summ       0%         N/A       97%         3
 Conjure Ball Lightning   Conj/Air       0%         3x3d6     100%        6
 Dispersal                Tloc           0%         N/A       100%        6
 Discord                  Hex            0%         N/A       100%        8
 Disjunction              Tloc           0%         N/A       100%        8


Dungeon Overview and Level Annotations

Branches:
Dungeon (4/15)             Temple (1/1) D:4

Altars:
Cheibriados
Elyvilon
Fedhas
Gozag
Makhleb
Nemelex Xobeh
Okawaru
Sif Muna
Trog
Wu Jian

Shops:
D:3 [


Innate Abilities, Weirdness & Mutations

You have sharp fingernails.
You are partially covered in thin metallic scales. (AC +2)
You regenerate magic rapidly.


Message History

Found a fizzy blue potion.
The orc shouts! x2
You whack the orc! You burn the orc.
You kill the orc!
You closely miss the orc. You hit the orc. You burn the orc.
You kill the orc!
Items here: )) [ †.
An orc comes into view. It is wielding a +0 mace.
The orc shouts!
An orc warrior comes into view.
It is wielding a +2 long sword of electrocution and wearing a +0 plate armour of cold resistance.
The orc warrior moves out of view.
An orc comes into view. It is wielding a +0 dagger.
Items here: )) [ †.
You hit the orc. You burn the orc.
The orc is heavily wounded.
You hit the orc. You burn the orc.
You kill the orc!
Items here: ))) [[ ††.
Okay, then.
You pick up a book of the Warp and begin reading...
You add the spell Dispersal to your library.
B - a fizzy blue potion
Found a stone staircase leading up.
The orc warrior shouts!
You hear a shout!
You feel very mighty all of a sudden.
You closely miss the orc warrior.
The orc warrior hits you with a +2 long sword of electrocution.
You whack the orc warrior! You burn the orc warrior.
The orc warrior is moderately wounded.
The orc warrior hits you with a +2 long sword of electrocution.
You closely miss the orc warrior.
The orc warrior is moderately wounded.
The orc warrior hits you with a +2 long sword of electrocution!
You hit the orc warrior. You burn the orc warrior.
The orc warrior is moderately wounded.
The orc warrior hits you with a +2 long sword of electrocution!
* * * LOW HITPOINT WARNING * * *
You are electrocuted!!
You die...

#....##......#..#..##...#
...#.##.†....#..........#
.....###.###.#.....##.###
...### #.# #.#....#.....#
...# ###.###.#....#####.#
######.......#.....<....#
##...........#..........#
##...........#..######.##
#...........#..@oo.....#
#...........##.######..
#########'#.##.# #.#.##?#
##########.#.##..
..<......#.#.####
...........#..
########.##### #.#


You could see an orc warrior and an orc.

Vanquished Creatures
  A phantom (D:4)
  A hound skeleton (D:4)
  3 orcs (D:4)
  5 ball pythons
  8 endoplasms
  A giant cockroach (D:2)
  2 goblins
  6 hobgoblins
  3 jackals (D:2)
  4 quokkas
  3 bats
  4 frilled lizards
  6 kobolds
  11 rats
58 creatures vanquished.

Notes
Turn   | Place    | Note
-------+----------+-------------------------------------------
     0 | D:1      | VictoriousLee the Demonspawn Monk began the quest for the
                  | Orb.
     0 | D:1      | Reached XP level 1. HP: 18/18 MP: 1/1
   173 | D:1      | Reached skill level 3 in Maces & Flails
   234 | D:1      | Gained mutation: You have sharp fingernails. [demonic
                  | ancestry]
   234 | D:1      | Reached XP level 2. HP: 24/24 MP: 2/2
  1086 | D:2      | Gained mutation: You are partially covered in thin metallic
                  | scales. (AC +2) [demonic ancestry]
  1086 | D:2      | Reached XP level 3. HP: 29/29 MP: 3/3
  1216 | D:2      | Reached skill level 4 in Maces & Flails
  2061 | D:3      | Identified the ring of the Moon {Will+ Dex+2}
  2442 | D:3      | Found Fitiqul's Armour Shop.
  2785 | D:4      | Reached XP level 4. HP: 35/35 MP: 4/4
  2879 | D:4      | Noticed a phantom
  2897 | D:4      | Killed a phantom
  2898 | D:4      | Reached skill level 5 in Maces & Flails
  2898 | D:4      | Gained mutation: You regenerate magic rapidly. [demonic
                  | ancestry]
  2898 | D:4      | Reached XP level 5. HP: 40/41 MP: 5/5
  2937 | D:4      | Found a sparkling altar of Nemelex Xobeh.
  2938 | D:4      | Found a staircase to the Ecumenical Temple.
  2976 | Temple   | Entered the Ecumenical Temple
  3369 | D:4      | Noticed an orc warrior
  3413 | D:4      | Mangled by an orc warrior

Illustrated notes

Levels and vault maps discovered:
D:1:      lightli_arrival_chessboard, layout_basic, minmay_distorted
D:2:      layout_loops_ring
D:3:      layout_basic, serial_shops, shop
D:4:      layout_basic, overflow_temple_1_default,
          grunt_temple_overflow_cloverleaf, minmay_temple_entry_offerings
Temple:   jpeg_temple_island

Skill      XL: |  1  2  3  4 |
---------------+-------------+-----
Maces & Flails | 3 4 5 |  5.3
Fighting       | |  3.0
Dodging        | |  2.6
Stealth        | |  1.7

Action                   |  1- 3 |  4- 6 || total
-------------------------+-------+-------++-------
Melee: Mace              |   115 |       ||   115
       Punch             |     3 |       ||     3
       Whip              |    40 |    24 ||    64
  Use: Scroll            |       |     3 ||     3
       Potion            |       |     1 ||     1
 Stab: Sleeping          |    10 |       ||    10
Armor: Robe              |    28 |       ||    28
       Scale mail        |    20 |     3 ||    23
Dodge: Dodged            |    94 |     5 ||    99
